 Dungeon Crawl Stone Soup version 0.20.0-15-g7f486f2 (webtiles) character file.

263 Darkins the Slasher (level 6, -3/47 HPs)
             Began as a Human Gladiator on June 20, 2017.
             Slain by an orc warrior
             ... wielding a +0 war axe
              (10 damage)
             ... on level 2 of the Dungeon.
             The game lasted 00:07:49 (2367 turns).

Darkins the Slasher (Human Gladiator)               Turns: 2367, Time: 00:07:49

Health: -3/47      AC:  4    Str: 14    XL:     6   Next: 42%
Magic:  6/6        EV: 14    Int:  8    God:
Gold:   76         SH:  0    Dex: 17    Spells: 5/5 levels left

rFire    . . .     SeeInvis .   a - +0 long sword
rCold    . . .     Gourm    .   (no shield)
rNeg     . . .     Faith    .   b - +0 leather armour
rPois    .         Spirit   .   c - +0 helmet
rElec    .         Reflect  .   (no cloak)
rCorr    .         Harm     .   (no gloves)
MR       .....                  (no boots)
Stlth    +.........             (no amulet)
Regen    0.2/turn               m - ring of flight
MPRegen  0.1/turn               (no ring)

@: no status effects
A: no striking features
a: Evoke Flight


You were on level 2 of the Dungeon.
You were near starving.

You visited 1 branch of the dungeon, and saw 3 of its levels.

You collected 76 gold pieces.

Inventory:

Hand Weapons
 a - a +0 long sword (weapon)
Missiles
 d - 2 throwing nets (quivered)
Armour
 b - a +0 leather armour (worn)
 c - a +0 helmet (worn)
Jewellery
 m - a ring of flight (left hand)
Scrolls
 e - a scroll of random uselessness {unknown}
 i - 2 scrolls of identify {unknown}
 k - a scroll of immolation {unknown}
 l - a scroll of magic mapping {unknown}
 q - a scroll of noise {unknown}
 r - a scroll of teleportation {unknown}
 s - a scroll of recharging {unknown}
 u - a scroll of enchant weapon {unknown}
Potions
 j - a potion of haste {unknown}
 n - a potion of brilliance {unknown}
 o - 2 potions of magic {unknown}
 p - a potion of curing {unknown}
Comestibles
 f - 2 bread rations
 g - a royal jelly
 h - 2 meat rations
 t - a fruit


   Skills:
 + Level 3.0 Fighting
 + Level 5.0 Long Blades
 - Level 2.0 Throwing
 + Level 2.2 Armour
 + Level 4.1 Dodging


You had 5 spell levels left.
You didn't know any spells.

Dungeon Overview and Level Annotations

Branches:
Dungeon (3/15)

Altars:
Ashenzari


Message History

The orc hits you with a war axe of freezing.
The orc freezes you.
The orc warrior hits you with a war axe.
The orc misses you. The orc warrior closely misses you.
You riposte.
You hit the orc warrior but do no damage.
The hobgoblin completely misses you.
There is a stone staircase leading up, spattered with blood here.
The orc warrior hits you with a war axe!
The orc barely misses you.
You climb upwards.
There is a stone staircase leading down here.
You closely miss the orc warrior. The hobgoblin barely misses you.
The orc warrior hits you with a war axe!
* * * LOW HITPOINT WARNING * * *
The hobgoblin hits you but does no damage.
You hit the orc warrior but do no damage.
The hobgoblin closely misses you.
You hit the orc warrior but do no damage.
The orc warrior hits you with a war axe!
You die...

# #..# #.#.# #.# #
###.######## #.#.# #.#
###..........# ##.#.#####.#
)......#####.###.<#.#.....#
##.##.## ##.#...##.#.....#
#..##..# #....####.#.....#
..####.# #...## #.#.....#
.## #.# #..######.......# ##
#.####....o@go.......#
.#####.......######.......#
.....##.##.#.#######.....>#
####....#..#.##..รท........#
####...#...#.##.####.######
.........#...#..####.#####
.........................#
.######..##....#####.#####
## #.......### #.#


You could see an orc warrior, an orc and a hobgoblin.

Vanquished Creatures
  Sigmund (D:2)
  3 adders
  3 gnolls (D:2)
  2 oozes (D:2)
  A leopard gecko (D:3)
  An orc (D:3)
  A giant cockroach (D:2)
  6 goblins
  5 hobgoblins
  A jackal (D:1)
  4 kobolds
  A quokka (D:3)
  6 bats
  5 frilled lizards
  6 rats
46 creatures vanquished.

Notes
Turn   | Place    | Note
-------+----------+-------------------------------------------
     0 | D:1      | Darkins the Human Gladiator began the quest for the Orb.
     0 | D:1      | Reached XP level 1. HP: 16/16 MP: 1/1
   183 | D:1      | Reached XP level 2. HP: 22/22 MP: 2/2
   719 | D:1      | Reached XP level 3. HP: 21/27 MP: 3/3
   901 | D:2      | Reached skill level 1 in Armour
   915 | D:2      | Found a shattered altar of Ashenzari.
  1034 | D:2      | Reached XP level 4. HP: 34/34 MP: 4/4
  1106 | D:2      | Reached skill level 4 in Long Blades
  1570 | D:2      | Noticed Sigmund
  1721 | D:3      | Reached XP level 5. HP: 37/39 MP: 5/5
  1791 | D:3      | Noticed an orc warrior
  1987 | D:2      | Killed Sigmund
  1987 | D:2      | Reached skill level 5 in Long Blades
  1987 | D:2      | Reached XP level 6. HP: 8/47 MP: 6/6
  2367 | D:2      | Slain by an orc warrior

Skill      XL: |  1  2  3  4  5 |
---------------+----------------+-----
Armour         | 1 2 |  2.2
Long Blades    | 4 5 |  5.0
Fighting       | 3 |  3.0
Dodging        | 4 |  4.1
Throwing       | |  2.0

Action                   |  1- 3 |  4- 6 || total
-------------------------+-------+-------++-------
Melee: Long sword        |    57 |    63 ||   120
Throw: Throwing net      |       |     3 ||     3
 Stab: Sleeping          |     2 |       ||     2
       Held in net/web   |       |     1 ||     1
  Eat: Chunk             |       |     2 ||     2
       Fruit             |       |     1 ||     1
Armor: Leather armour    |     6 |    15 ||    21
Dodge: Dodged            |    41 |    70 ||   111
       Rpst.: Long sword |    14 |    12 ||    26
